 Dungeon Crawl Stone Soup version 0.20-a0-785-g17250f0 (webtiles) character file.

11511 nono the Basher (level 11, -2/59 HPs)
             Began as a Vine Stalker Hunter on Feb 27, 2017.
             Was a High Priest of Wu Jian.
             Slain by an orc warrior
             ... wielding a +0 short sword
              (17 damage)
             ... on level 1 of the Orcish Mines.
             The game lasted 00:31:45 (4047 turns).

nono the Basher (Vine Stalker Hunter)               Turns: 4047, Time: 00:31:46

Health: -2/59      AC:  9    Str: 18    XL:     11   Next: 78%
Magic:  0/12       EV: 15    Int: 17    God:    Wu Jian [*****.]
Gold:   470        SH:  0    Dex: 20    Spells: 10/10 levels left

rFire    . . .     SeeInvis .   v - +12 mace "Jellyslayer" {crush, Dex+5}
rCold    . . .     Gourm    .   k - +0 ring mail
rNeg     . . .     Faith    .   (no shield)
rPois    .         Spirit   +   y - +0 helmet
rElec    .         Reflect  .   w - +0 cloak
rCorr    .         Harm     .   (no gloves)
MR       +....                  G - +0 pair of boots
Stlth    +.........             I - amulet of magic regeneration
Regen    0.6/turn               (no ring)
MPRegen  0.2/turn               J - +6 ring of intelligence

@: no status effects
A: fangs 3, regeneration 1, magic shield, antimagic bite, no potion heal 3, rot
immunity
a: Serpent's Lash, Heaven On Earth, Renounce Religion


You were on level 1 of the Orcish Mines.
You worshipped Wu Jian.
Wu Jian was extremely pleased with you.
You were hungry.

You visited 3 branches of the dungeon, and saw 15 of its levels.
You also visited: Sewer and Ossuary.

You collected 512 gold pieces.
You spent 42 gold pieces at shops.

Inventory:

Hand Weapons
 v - the +12 mace "Jellyslayer" (weapon) {crush, Dex+5}
   (You found it on level 4 of the Dungeon)

   It inflicts extra damage upon your enemies.
   It affects your dexterity (+5).
 A - a +4 dagger of venom
Missiles
 c - a javelin (quivered)
Armour
 b - a +0 leather armour
 k - a +0 ring mail (worn)
 u - a +2 pair of boots
 w - a +0 cloak (worn)
 y - a +0 helmet (worn)
 G - a +0 pair of boots (worn)
 H - a +0 plate armour
Jewellery
 m - the amulet "Yniezxu" {Harm *Drain rF++}
   (You found it on level 7 of the Dungeon)

   [amulet of harm]

   It increases damage dealt and taken.
   It greatly protects you from fire.
   It causes draining when unequipped.
 I - an amulet of magic regeneration (around neck)
 J - a +6 ring of intelligence (left hand)
Wands
 E - a wand of acid (4/15)
Scrolls
 d - 3 scrolls of noise
 e - 2 scrolls of fog
 i - a scroll of magic mapping
 n - a scroll of fear
 o - a scroll of blinking
 p - 4 scrolls of teleportation
 t - 2 scrolls of enchant weapon
 C - 3 scrolls of amnesia
Potions
 a - 3 potions of might {unknown}
 g - 2 potions of brilliance
 h - a potion of degeneration {unknown}
 j - 2 potions of berserk rage
 q - 7 potions of curing {unknown}
 r - 3 potions of heal wounds
 x - a potion of agility {unknown}
 z - a potion of resistance {unknown}
 B - 3 potions of haste {unknown}
 D - a potion of magic
 K - a potion of lignification {unknown}
Comestibles
 f - 3 bread rations
 l - 2 royal jellies
 s - 6 meat rations
 F - 7 chunks of flesh


   Skills:
 + Level 7.7 Fighting
 - Level 3.6 Short Blades
 - Level 11.6 Maces & Flails
 - Level 3.6 Throwing
 + Level 5.4 Armour
 + Level 5.8 Dodging
 - Level 1.2 Stealth


You had 10 spell levels left.
You didn't know any spells.

Dungeon Overview and Level Annotations

Branches:
Dungeon (12/15)            Temple (1/1) D:4             Orc (2/2) D:12
   Lair: D:8-11         Elf: Orc:2

Altars:
Ashenzari
Cheibriados
Dithmenos
Elyvilon
Fedhas
Gozag
Hepliaklqana
Kikubaaqudgha
Nemelex Xobeh
Okawaru
Qazlal
Ru
Sif Muna
Trog
Uskayaw
Vehumet
Wu Jian
Xom
Yredelemnul
Zin
The Shining One

Shops:
D:5 **(*   D:7 (   D:11 %!

Annotations:
D:12 3 runed doors


Innate Abilities, Weirdness & Mutations

You have razor-sharp teeth.
Your natural rate of healing is unusually fast.
When hurt, damage is shared between your health and your magic reserves.
Your bite disrupts and absorbs the magic of your enemies.
Potions cannot restore your health.
You are immune to rotting.


Message History

Your bite misses the orc knight.
The orc knight is almost dead.
The orc knight roars a battlecry!
The orc warriors go into a battle-frenzy!
You spin and attack the orc knight.
You thump the orc knight!
You kill the orc knight!
The Council accepts your kill.
You can now summon a storm of heavenly clouds to empower your attacks.
You spin and attack the orc warrior.
You closely miss the orc warrior. Your bite misses the orc warrior.
You feel less exhausted.
You spin and attack the orc warrior repeatedly!
You hit the orc warrior.
You bite the orc warrior, but do no damage.
The orc warrior is moderately wounded.
You hit the orc warrior but do no damage.
The orc warrior is moderately wounded.
An orc priest comes into view. It is wielding a flail.
The orc warrior hits you with a short sword!!
You die...

..o# #............. ..o
#............. #$.
######..>.$..#...#. #..
##.##..............#
##o###..((...............
#$$.#.#(#................
#$.o.)..................
##.)).).................
#....)o@....#..........#
##.#..)...###.#......###
##..................#.#
#....##................
##..#...##....##.......
##......##...###......
...........###....##.
##.####....## #.....#.
### ###.## #...#.#..


You could see 2 orc warriors and an orc priest.

Vanquished Creatures
  A stone giant (Orc:1)
  An ettin (Orc:2)
  2 two-headed ogres
  Erica (D:8)
  2 orc knights (Orc:1)
  A gargoyle (D:12)
  A komodo dragon (D:7)
  The ghost of Sapher the Ruffian, a novice GrTm (D:9)
  A troll (Orc:1)
  Grinder (Sewer)
  A wraith (D:7)
  4 yaks (D:11)
  Grum (D:10)
  2 vampire mosquitoes (D:12)
  Menkaure (D:4)
  The ghost of Sapher the Ruffian, an amateur GrTm of Wu Jian (D:7)
  A water moccasin (D:5)
  2 sky beasts
  12 orc warriors
  2 phantoms
  A necrophage (D:7)
  2 ogres (D:7)
  3 wolves (D:10)
  A crocodile (D:7)
  2 elf zombies
  2 big kobolds
  2 bullfrogs
  A water moccasin zombie (D:9)
  A wyvern skeleton (D:11)
  5 wights (D:7)
  An electric eel (D:12)
  A howler monkey (D:5)
  A crimson imp (D:11)
  2 centaur zombies (Ossuary)
  A quasit (Sewer)
  4 hounds
  A jelly (D:8)
  A bullfrog skeleton (D:11)
  6 orc wizards
  7 orc priests
  A centaur skeleton (D:7)
  3 human zombies
  2 human skeletons (D:7)
  7 worker ants
  An ogre zombie (D:7)
  2 big kobold zombies
  4 mummies
  4 gnolls (D:7)
  10 adders
  4 shadow imps
  3 ufetubi (Sewer)
  3 adder zombies
  4 worms
  A dart slug (D:1)
  2 leopard geckos
  33 orcs
  6 bats
  5 giant cockroaches
  4 goblins
  5 hobgoblins
  5 jackals
  2 ball pythons
  2 frilled lizards
  2 goblin zombies (Ossuary)
  13 hobgoblin zombies (Ossuary)
  A jackal zombie (Ossuary)
  12 kobolds
  10 kobold zombies
  A leopard gecko zombie (D:5)
  7 orc zombies
  A quokka skeleton (D:4)
  A quokka zombie (D:5)
  9 rats
  A rat zombie (Ossuary)
255 creatures vanquished.

Vanquished Creatures (others)
  An ooze (Sewer)
  An orc (D:12)
2 creatures vanquished.

Grand Total: 257 creatures vanquished

Notes
Turn   | Place    | Note
-------+----------+-------------------------------------------
     0 | D:1      | nono the Vine Stalker Hunter began the quest for the Orb.
     0 | D:1      | Reached XP level 1. HP: 11/11 MP: 2/2
   157 | D:1      | Reached XP level 2. HP: 15/15 MP: 3/3
   226 | D:1      | Reached skill level 1 in Short Blades
   332 | D:2      | Reached XP level 3. HP: 7/19 MP: 4/4
   341 | D:2      | Found a deep blue altar of Sif Muna.
   442 | D:3      | Gained mutation: Your natural rate of healing is unusually fast. [Vine Stalker growth]
   442 | D:3      | Reached XP level 4. HP: 16/24 MP: 5/5
   482 | D:3      | Found a stormy altar of Qazlal.
   557 | D:3      | Found a faded altar of an unknown god.
   660 | D:2      | Found a white marble altar of Elyvilon.
   666 | D:2      | Reached XP level 5. HP: 28/28 MP: 6/6
   746 | D:4      | Noticed Menkaure
   756 | D:4      | Killed Menkaure
   756 | D:4      | Reached XP level 6. HP: 25/33 MP: 7/7
   816 | D:4      | Found a staircase to the Ecumenical Temple.
   841 | Temple   | Entered the Ecumenical Temple
   951 | Temple   | Became a worshipper of the Wu Jian Council
  1115 | D:4      | Got a crude mace
  1116 | D:4      | Identified the +12 mace "Jellyslayer" {crush, Dex+5} (You found it on level 4 of the Dungeon)
  1148 | D:5      | Entered Level 5 of the Dungeon
  1166 | D:5      | Found a hide-covered altar of Uskayaw.
  1210 | D:5      | Found Deyweo's Weapon Emporium.
  1223 | D:5      | Found Nuisan's General Store.
  1240 | D:5      | Noticed a sky beast
  1241 | D:5      | Bought a scroll of teleportation for 42 gold pieces
  1259 | D:5      | Killed a sky beast
  1259 | D:5      | Reached skill level 1 in Armour
  1259 | D:5      | Reached XP level 7. HP: 38/38 MP: 6/8
  1263 | D:5      | Found Qaril's General Store.
  1284 | D:5      | Reached skill level 5 in Fighting
  1320 | D:5      | Found Ahuann's Assorted Antiques.
  1609 | D:5      | Found a glowing drain.
  1613 | Sewer    | Entered a sewer
  1618 | Sewer    | Reached * piety under Wu Jian
  1709 | Sewer    | Found a burning altar of Makhleb.
  1759 | Sewer    | Noticed Grinder
  1769 | Sewer    | Killed Grinder
  1769 | Sewer    | Gained mutation: You have razor-sharp teeth. [Vine Stalker growth]
  1769 | Sewer    | Reached XP level 8. HP: 38/44 MP: 7/9
  2049 | D:7      | Got a translucent sapphire amulet
  2050 | D:7      | Identified the amulet "Yniezxu" {Harm *Drain rF++} (You found it on level 7 of the Dungeon)
  2174 | D:6      | Found a sand-covered staircase.
  2181 | Ossuary  | Entered an ossuary
  2205 | Ossuary  | Reached ** piety under Wu Jian
  2414 | D:7      | Found Qixtu's Weapon Shop.
  2471 | D:7      | Noticed Sapher's ghost (amateur GrTm)
  2485 | D:7      | Killed Sapher's ghost
  2485 | D:7      | Reached *** piety under Wu Jian
  2485 | D:7      | Reached skill level 2 in Maces & Flails
  2538 | D:7      | Reached skill level 3 in Maces & Flails
  2549 | D:7      | Reached XP level 9. HP: 43/49 MP: 7/10
  2560 | D:7      | Reached skill level 4 in Maces & Flails
  2614 | D:7      | Found a basalt altar of Yredelemnul.
  2624 | D:7      | Reached skill level 5 in Maces & Flails
  2691 | D:7      | Reached skill level 6 in Maces & Flails
  2728 | D:7      | Noticed a komodo dragon
  2733 | D:7      | Killed a komodo dragon
  2733 | D:7      | Reached skill level 7 in Maces & Flails
  2817 | D:8      | Noticed Erica
  2832 | D:8      | Killed Erica
  2832 | D:8      | Reached skill level 8 in Maces & Flails
  2832 | D:8      | Reached XP level 10. HP: 43/53 MP: 11/11
  2940 | D:9      | Noticed Sapher's ghost (novice GrTm)
  2950 | D:9      | Killed Sapher's ghost
  2950 | D:9      | Reached skill level 9 in Maces & Flails
  2981 | D:9      | Reached **** piety under Wu Jian
  2992 | D:10     | Entered Level 10 of the Dungeon
  2992 | D:10     | Noticed Grum
  3003 | D:10     | Killed Grum
  3045 | D:11     | Found Paohetiu's Distillery.
  3359 | D:11     | Reached skill level 10 in Maces & Flails
  3404 | D:12     | Noticed a two-headed ogre
  3412 | D:12     | Killed a two-headed ogre
  3437 | D:12     | Reached skill level 11 in Maces & Flails
  3499 | D:12     | Found a large runed door.
  3499 | D:12     | Found a large runed door.
  3567 | D:12     | Noticed a gargoyle
  3580 | D:12     | Killed a gargoyle
  3580 | D:12     | Reached XP level 11. HP: 32/57 MP: 6/12
  3605 | D:12     | Found a large runed door.
  3640 | D:11     | Found Gyeroly's Food Boutique.
  3755 | D:12     | Found a staircase to the Orcish Mines.
  3772 | Orc:1    | Entered Level 1 of the Orcish Mines
  3777 | Orc:1    | Noticed a two-headed ogre
  3793 | Orc:1    | Killed a two-headed ogre
  3802 | Orc:1    | Noticed a stone giant
  3832 | Orc:1    | Reached ***** piety under Wu Jian
  3838 | Orc:1    | Killed a stone giant
  3838 | Orc:1    | Reached skill level 5 in Dodging
  3910 | Orc:2    | Entered Level 2 of the Orcish Mines
  3921 | Orc:2    | Noticed an ettin
  3930 | Orc:2    | Killed an ettin
  3930 | Orc:2    | Reached skill level 5 in Armour
  4011 | Orc:1    | Noticed an orc knight
  4023 | Orc:1    | Noticed an orc knight
  4033 | Orc:1    | Killed an orc knight
  4045 | Orc:1    | Killed an orc knight
  4047 | Orc:1    | Slain by an orc warrior

Vault maps used:
D:1:      elethiomel_arrival_shortcut, lemuel_old_faithful
D:2:      elyvilon_altar_5, lemuel_crystal_altar, first_bread
D:3:      chequers_ecumenical_altar_simple, serial_glass, glass_columns_a,
          glass_columns_a, glass_columns_a, glass_columns_a,
          grunt_ministairs_14, nicolae_qazlal_general_emergency
D:4:      minmay_temple_entry_statues_fountains, uniq_eustachio, uniq_menkaure
D:5:      eat_drink_and_be_merry_uskayaw, gup_sewer_entry_spiral, serial_shops,
          shop, nicolae_shop_crystal, nicolae_shop_stone, nicolae_shop_crystal,
          cheibriados_altar_1
D:6:      lightli_ossuary_entry_decrepit_ruins
D:7:      lemuel_mausoleum_altar_yredelemnul, serial_shops, shop_fountains
D:8:      amethyst_overflow_temple_binary, david_lair_shrubbed, uniq_erica
D:9:      hangedman_ranch
D:10:     uniq_grum
D:11:     serial_shops, nicolae_shop_crystal, nicolae_shop_window_shopping,
          nicolae_shop_statue_plus, shop, kennysheep_mini_moat,
          serial_bayou_lake_a
D:12:     erik_orc_2, minmay_hollow_rounded_squares
Temple:   regret_index_temple_sphere_string
Orc:1:    special_room
Orc:2:    pf_orc_diabolical, basic_altar, uniq_rupert, uniq_azrael
Sewer:    kennysheep_sewer_church
Ossuary:  ossuary_tomb_1

Skill      XL: |  1  2  3  4  5  6  7  8  9 10 11 |
---------------+----------------------------------+-----
Fighting       | 2 3 4 5 6 7 |  7.7
Short Blades   | 1 2 3 |  3.6
Armour         | 1 2 3 5 |  5.4
Dodging        | 2 3 4 5 |  5.8
Maces & Flails | 3 8 11 | 11.6
Throwing       | |  3.6
Stealth        | |  1.2

Action                   |  1- 3 |  4- 6 |  7- 9 | 10-12 || total
-------------------------+-------+-------+-------+-------++-------
Melee: Short sword       |    59 |   133 |       |       ||   192
       Bite              |    23 |    41 |    84 |    60 ||   208
       Mace              |       |    11 |   272 |   229 ||   512
Throw: Javelin           |    10 |    12 |       |     6 ||    28
       Throwing net      |     1 |     5 |       |       ||     6
Invok: Serpent's Lash    |       |       |       |     1 ||     1
Evoke: Wand              |       |       |       |     2 ||     2
  Use: Scroll            |       |       |     8 |     5 ||    13
       Potion            |       |       |       |     2 ||     2
 Stab: Held in net/web   |     1 |     2 |       |       ||     3
       Sleeping          |     1 |       |     3 |     1 ||     5
  Eat: Chunk             |       |     1 |     6 |     4 ||    11
Armor: Leather armour    |    19 |       |       |       ||    19
       Ring mail         |       |    66 |    84 |    24 ||   174
Dodge: Dodged            |    47 |    79 |   149 |    80 ||   355
